 Dungeon Crawl Stone Soup version 0.26.1-11-gd32895ea62 (webtiles) character file.

Game seed: 13043942516659023089

11290 Zeld the Basher (level 11, -5/95 HPs)
             Began as a Pale Draconian Gladiator on June 15, 2021.
             Was an Elder of Qazlal.
             Slain by a cyclops (19 damage)
             ... on level 12 of the Dungeon.
             The game lasted 00:32:07 (20965 turns).

Zeld the Basher (Pale Draconian Gladiator)         Turns: 20965, Time: 00:32:07

Health: -5/95      AC: 15    Str: 20    XL:     11   Next: 47%
Magic:  15/15      EV: 16    Int:  9    God:    Qazlal [****..]
Gold:   706        SH:  5    Dex: 12    Spells: 10/10 levels left

rFire    . . .     SeeInvis +   a - +3 dire flail (protect)
rCold    . . .     Faith    .   (shield currently unavailable)
rNeg     . . .     Spirit   .   (armour unavailable)
rPois    .         Reflect  .   b - +0 hat
rElec    .         Harm     .   (no cloak)
rCorr    .         Rampage  .   f - +0 pair of gloves
Will     .....                  (no boots)
Stlth    +.........             (no amulet)
HPRegen  0.25/turn              w - ring of see invisible
MPRegen  0.14/turn              (no ring)

@: protection aura, repel missiles
A: breathe steam, unfitting armour, cold-blooded, AC +7
a: Breathe Steam, Renounce Religion, Upheaval, Elemental Force


You were on level 12 of the Dungeon.
You worshipped Qazlal.
Qazlal was greatly pleased with you.
You visited 2 branches of the dungeon, and saw 13 of its levels.

You collected 706 gold pieces.

Inventory:

Hand Weapons
 a - a +3 dire flail of protection (weapon)
Missiles
 d - 52 poisoned darts (quivered)
 g - 203 stones
Armour
 b - a +0 hat (worn)
 f - a +0 pair of gloves (worn)
Jewellery
 w - a ring of see invisible (left hand)
Wands
 o - a wand of disintegration (24)
 y - a wand of digging (3)
 C - a wand of polymorph (7)
 H - a wand of random effects (8)
 I - a wand of iceblast (12)
Scrolls
 c - 2 scrolls of enchant weapon {unknown}
 e - 2 scrolls of amnesia {unknown}
 h - 8 scrolls of remove curse
 l - 5 scrolls of noise {unknown}
 r - 4 scrolls of fear {unknown}
 s - 3 scrolls of blinking {unknown}
 t - 5 scrolls of teleportation {unknown}
 v - 2 scrolls of fog {unknown}
 x - 3 scrolls of identify {unknown}
 J - a scroll of random uselessness {unknown}
Potions
 i - a potion of cancellation {unknown}
 j - 2 potions of brilliance {unknown}
 k - 5 potions of flight {unknown}
 m - 4 potions of lignification {unknown}
 n - 3 potions of mutation {unknown}
 q - a potion of resistance {unknown}
 z - 4 potions of haste {unknown}
 A - a potion of ambrosia {unknown}
 B - a potion of degeneration {unknown}
 F - a potion of invisibility {unknown}
 G - 3 potions of might {unknown}
Miscellaneous
 u - a condenser vane (inert)


   Skills:
 + Level 8.7 Fighting
 * Level 11.3 Maces & Flails
 - Level 8.0 Throwing
 + Level 7.6 Dodging
 + Level 5.4 Invocations


You had 10 spell levels left.
You didn't know any spells.
Your spell library contained the following spells:

 Spells                   Type           Power        Failure   Level
 Summon Small Mammal      Summ           0%           38%         1
 Call Imp                 Summ           0%           52%         2
 Call Canine Familiar     Summ           0%           77%         3
 Summon Guardian Golem    Hex/Summ       0%           77%         3
 Summon Ice Beast         Ice/Summ       0%           99%         4
 Summon Lightning Spire   Summ/Air       0%           99%         4
 Bolt of Magma            Conj/Fire/Erth 0%           100%        5
 Iskenderun's Battlesphe  Conj           0%           100%        5
 Iron Shot                Conj/Erth      0%           100%        6
 Orb of Destruction       Conj           0%           100%        7
 Spellforged Servitor     Conj/Summ      0%           100%        7


Dungeon Overview and Level Annotations

Branches:
Dungeon (12/15)            Temple (1/1) D:5            Lair (0/6) D:9
    Orc (0/2) D:10

Altars:
Ashenzari
Cheibriados
Dithmenos
Elyvilon
Fedhas
Gozag
Hepliaklqana
Kikubaaqudgha
Makhleb
Nemelex Xobeh
Okawaru
Qazlal
Ru
Sif Muna
Trog
Uskayaw
Vehumet
Wu Jian
Xom
Yredelemnul
Zin
The Shining One


Innate Abilities, Weirdness & Mutations

You can breathe blasts of scalding, opaque steam.
Your pale cyan-grey scales are hard. (AC +7)
You cannot fit into any form of body armour.
You are cold-blooded and may be slowed by cold attacks.


Message History

Okay, then.
Press: ? - help, Shift-Dir - straight line, f - cyclops
Aim: a cyclops, quivering 3 large rocks You exhale a blast of scalding steam.
Unknown command.
Aiming: Iceblast
Press: ? - help, Shift-Dir - straight line, f/p - cyclops
Aim: a cyclops, quivering 3 large rocks (steam, moderately wounded)
The mass of ice explodes!
The iceblast engulfs the cyclops!
The cyclops is heavily wounded.
You hear a bellow! x3
The cyclops is engulfed in a cloud of scalding steam.
The cyclops throws a large rock.
The large rock closely misses you.
Unknown command.
You have got your breath back.
You sock the cyclops!
Your weapon exudes an aura of protection.
The cyclops is almost dead.
The cyclops hits you!!
You die...

#..........
#..........
#..........
#........#
..#####§.......#
........$...!..#
......§........#
.....##§###....#
... #@C○.# ..>#
. #..○.# ....
####.☼..# .##
#...○...# #
#.......#
#.......#
#.(.....#
#......)###
#.........#


You could see a cyclops.

Vanquished Creatures
  Harold (D:8)
  Fannar (D:11)
  Erolcha (D:10)
  A two-headed ogre (D:8)
  2 ugly things (D:11)
  Maggie (D:9)
  2 wyverns
  A vampire (D:11)
  Grum (D:9)
  A steam dragon (D:11)
  A soldier ant (D:11)
  Edmund (D:4)
  A water moccasin (D:8)
  6 orc warriors
  A black bear (D:8)
  2 necrophages (D:8)
  A phantom (D:4)
  6 sky beasts
  2 wolves (D:9)
  An eye of draining (D:11)
  5 ogres
  4 centaurs
  7 bullfrogs
  2 wyvern zombies
  A scorpion (D:10)
  A wyvern skeleton (D:8)
  4 killer bees
  16 wights
  2 electric eels (D:10)
  3 howler monkeys (D:7)
  3 bullfrog zombies
  A quasit (D:9)
  11 hounds
  8 jellies
  8 orc priests
  15 orc wizards
  A centaur skeleton (D:9)
  2 bullfrog skeletons
  Ijyb (D:4)
  6 iguanas
  11 worker ants
  A killer bee zombie (D:5)
  3 hound skeletons
  A howler monkey zombie (D:6)
  4 gnolls
  A howler monkey skeleton (D:7)
  11 adders
  2 shadow imps
  3 white imps
  3 ufetubi
  2 oozes
  An adder skeleton (D:5)
  3 worms
  2 dart slugs (D:1)
  8 leopard geckos
  40 orcs
  6 bats
  2 giant cockroaches
  7 goblins
  4 hobgoblins
  12 jackals
  4 quokkas
  8 frilled lizards
  A jackal skeleton (D:5)
  A jackal zombie (D:6)
  6 kobolds
  A leopard gecko skeleton (D:5)
  5 rats
  A spectral orc (D:5)
289 creatures vanquished.

Notes
Turn   | Place    | Note
-------+----------+-------------------------------------------
     0 | D:1      | Zeld the Draconian Gladiator began the quest for the Orb.
     0 | D:1      | Reached XP level 1. HP: 17/17 MP: 1/1
   561 | D:1      | Reached XP level 2. HP: 18/25 MP: 2/2
  1260 | D:1      | Reached XP level 3. HP: 30/30 MP: 3/3
  2213 | D:2      | Reached XP level 4. HP: 9/37 MP: 4/4
  3318 | D:2      | Reached skill level 4 in Maces & Flails
  3372 | D:2      | Found a sparkling altar of Nemelex Xobeh.
  3924 | D:3      | Found a shimmering altar of Xom.
  3924 | D:3      | Found a sacrificial altar of Ru.
  3924 | D:3      | Found a stormy altar of Qazlal.
  3924 | D:3      | Found a glowing silver altar of Zin.
  3932 | D:3      | Found a broken altar of Ashenzari.
  3942 | D:3      | Became a worshipper of Qazlal Stormbringer
  3992 | D:3      | Found an ancient bone altar of Kikubaaqudgha.
  4150 | D:4      | Noticed an ogre
  4179 | D:4      | Killed an ogre
  4180 | D:4      | Reached XP level 5. HP: 45/45 MP: 5/5
  4476 | D:4      | Reached XP level 6. HP: 36/51 MP: 6/6
  5593 | D:4      | Reached skill level 5 in Maces & Flails
  6625 | D:5      | Entered Level 5 of the Dungeon
  6691 | D:5      | Noticed Ijyb
  6697 | D:5      | Noticed Edmund
  6722 | D:4      | Your scales start taking on a pale cyan-grey colour.
  6722 | D:4      | Reached XP level 7. HP: 30/58 MP: 7/7
  7182 | D:4      | Killed Ijyb
  7552 | D:4      | Killed Edmund
  8619 | D:5      | Reached skill level 6 in Maces & Flails
  8622 | D:5      | Reached skill level 5 in Throwing
  8897 | D:5      | Reached XP level 8. HP: 56/67 MP: 8/8
  9015 | D:5      | Found a staircase to the Ecumenical Temple.
  9021 | Temple   | Entered the Ecumenical Temple
  9550 | D:5      | Found a basalt altar of Yredelemnul.
  9903 | D:6      | Reached * piety under Qazlal
 10192 | D:6      | Reached skill level 5 in Fighting
 10258 | D:6      | Reached skill level 7 in Maces & Flails
 10764 | D:6      | Reached skill level 5 in Dodging
 10846 | D:6      | Found a snail-covered altar of Cheibriados.
 11086 | D:7      | Reached XP level 9. HP: 69/74 MP: 9/9
 11236 | D:7      | Found a white marble altar of Elyvilon.
 11615 | D:7      | Reached skill level 8 in Maces & Flails
 12379 | D:8      | Noticed a two-headed ogre
 12406 | D:8      | Killed a two-headed ogre
 12406 | D:8      | Reached ** piety under Qazlal
 12854 | D:8      | Found an iron altar of Okawaru.
 13074 | D:8      | Reached skill level 9 in Maces & Flails
 13079 | D:8      | Reached XP level 10. HP: 56/84 MP: 10/10
 13362 | D:8      | Reached skill level 1 in Invocations
 14166 | D:9      | Noticed Harold
 14203 | D:8      | Killed Harold
 14782 | D:9      | Found a staircase to the Lair.
 14958 | D:9      | Reached *** piety under Qazlal
 15427 | D:10     | Entered Level 10 of the Dungeon
 15850 | D:9      | Reached skill level 10 in Maces & Flails
 16386 | D:10     | Noticed Maggie
 16606 | D:9      | Killed Maggie
 16984 | D:10     | Noticed Grum
 16985 | D:10     | Noticed Erolcha
 16989 | D:10     | Paralysed by Erolcha for 7 turns
 17019 | D:9      | Killed Grum
 17761 | D:10     | Killed Erolcha
 17795 | D:10     | Reached XP level 11. HP: 94/94 MP: 14/14
 18466 | D:10     | Found a white marble altar of Elyvilon.
 18789 | D:10     | Found a staircase to the Orcish Mines.
 19288 | D:11     | Reached **** piety under Qazlal
 19313 | D:11     | Noticed a cyan ugly thing
 19330 | D:11     | Killed a cyan ugly thing
 19410 | D:11     | Reached skill level 11 in Maces & Flails
 19632 | D:11     | Reached skill level 5 in Invocations
 19882 | D:11     | Noticed Fannar
 19894 | D:11     | Killed Fannar
 19902 | D:11     | Noticed a white ugly thing
 20421 | D:11     | Killed a white ugly thing
 20934 | D:12     | Noticed a boulder beetle
 20965 | D:12     | Slain by a cyclops

Illustrated notes

Levels and vault maps discovered:
D:1:      psy_arrival_basics, layout_basic
D:2:      layout_rooms, grunt_decor_mini_mirrors, minmay_misc_feat_encased,
          nemelex_dance_club_becter
D:3:      layout_rooms, minmay_overflow_temple_hex
D:4:      layout_basic, hangedman_decor_peaks_small
D:5:      layout_basic, yredelemnul_forgotten_temple_becter,
          minmay_temple_entry_nine_rooms, zaba_anthole, uniq_edmund, uniq_ijyb
D:6:      layout_rooms, cheibrodos_worm_habitat
D:7:      layout_rooms, elyvilon_altar_3, serial_rivers,
          chequers_serial_rivers_small_a, chequers_serial_rivers_large_b,
          chequers_serial_rivers_micro_a, chequers_serial_rivers_large_a,
          chequers_serial_rivers_micro_e
D:8:      layout_basic, kennysheep_mini_moat, minmay_pinched_square
D:9:      layout_stronghold, lair_entry_dummy, uniq_harold
D:10:     layout_small_grid, erik_orc_2, amcnicky_altar_gilded, uniq_maggie,
          uniq_erolcha, uniq_grum
D:11:     layout_cave_pods, uniq_fannar
D:12:     layout_irregular_city
Temple:   nicolae_temple_x_marks_the_god

Skill      XL: |  1  2  3  4  5  6  7  8  9 10 11 |
---------------+----------------------------------+-----
Throwing       | 2 3 4 5 6 7 8 |  8.0
Dodging        | 3 4 5 7 |  7.6
Maces & Flails | 4 5 6 7 9 10 11 | 11.3
Fighting       | 3 4 5 6 8 |  8.7
Invocations    | 4 5 |  5.4

Action                   |  1- 3 |  4- 6 |  7- 9 | 10-12 || total
-------------------------+-------+-------+-------+-------++-------
Melee: Flail             |   133 |    28 |       |       ||   161
       Tailslap          |     9 |    36 |    49 |    68 ||   162
       Whip              |       |   268 |   312 |   280 ||   860
       Dire flail        |       |       |       |   155 ||   155
Throw: Stone             |    11 |    79 |    49 |     4 ||   143
       Throwing net      |       |     5 |       |     1 ||     6
       Dart              |       |       |    10 |     9 ||    19
Invok: Upheaval          |       |       |       |     1 ||     1
 Abil: Breathe Steam     |       |       |    34 |    49 ||    83
Evoke: Wand              |       |       |       |     2 ||     2
       Condenser vane    |       |       |       |     1 ||     1
  Use: Potion            |       |       |       |     7 ||     7
       Scroll            |       |       |       |     1 ||     1
 Stab: Sleeping          |     1 |     1 |       |       ||     2
       Held in net/web   |       |     2 |       |       ||     2
       Distracted        |       |     1 |       |       ||     1
Armor: Skin              |    59 |    95 |    81 |   105 ||   340
Dodge: Dodged            |   123 |   169 |   164 |   276 ||   732
       Repelled          |       |       |       |     1 ||     1
Block: Other             |       |       |    10 |    74 ||    84
